 Dungeon Crawl Stone Soup version 0.21-a0-507-ga8f6b7a (webtiles) character file.

98 tof the Twirler (level 4, 0/34 HPs)
             Began as a Demonspawn Gladiator on Nov 27, 2017.
             Killed by divine providence
             ... invoked by an orc priest
              (10 damage)
             ... on level 3 of the Dungeon.
             The game lasted 00:01:46 (1664 turns).

tof the Twirler (Demonspawn Gladiator)              Turns: 1664, Time: 00:01:46

Health: 0/34       AC:  3    Str: 14    XL:     4   Next: 44%
Magic:  4/4        EV: 13    Int:  9    God:
Gold:   117        SH:  0    Dex: 16    Spells: 3/3 levels left

rFire    . . .     SeeInvis .   a - +0 quarterstaff
rCold    . . .     Gourm    .   (shield currently unavailable)
rNeg     . . .     Faith    .   b - +0 leather armour
rPois    .         Spirit   .   (helmet restricted)
rElec    .         Reflect  .   (no cloak)
rCorr    .         Harm     .   (no gloves)
MR       .....                  (no boots)
Stlth    +.........             (no amulet)
HPRegen  0.11/turn              (no ring)
MPRegen  0.09/turn              (no ring)

@: no status effects
A: antennae 2, powered by pain 1
a: no special abilities


You were on level 3 of the Dungeon.
You were hungry.

You visited 1 branch of the dungeon, and saw 3 of its levels.

You collected 117 gold pieces.

Inventory:

Hand Weapons
 a - a +0 quarterstaff (weapon)
Missiles
 d - 3 throwing nets (quivered)
Armour
 b - a +0 leather armour (worn)
 c - a +0 helmet
Jewellery
 w - an uncursed amulet of rage {unknown}
Wands
 r - a wand of clouds (4)
Scrolls
 e - 6 scrolls of identify {unknown}
 h - a scroll of teleportation {unknown}
 i - a scroll of magic mapping {unknown}
 j - 2 scrolls of remove curse {unknown}
 k - a scroll of fog {unknown}
 s - a scroll of fear {unknown}
 u - a scroll of immolation {unknown}
 v - a scroll of enchant armour {unknown}
 x - a scroll of enchant weapon {unknown}
Potions
 m - 3 potions of curing {unknown}
 o - 2 potions of resistance {unknown}
 t - a potion of mutation {unknown}
Books
 p - a book of Cantrips

   Spells                             Type                      Level
   a - Confusing Touch                Hexes                        1
   b - Animate Skeleton               Necromancy                   1
   c - Summon Small Mammal            Summoning                    1
   d - Apportation                    Translocation                1
Comestibles
 f - 2 bread rations
 g - a fruit
 l - a meat ration
 n - 2 royal jellies
 q - 2 chunks of flesh


   Skills:
 + Level 2.7 Fighting
 * Level 3.6 Staves
 + Level 2.4 Throwing
 + Level 3.1 Dodging
 + Level 0.1 Evocations


You had 3 spell levels left.
You didn't know any spells.

Dungeon Overview and Level Annotations

Branches:
Dungeon (3/15)

Altars:
Dithmenos
Nemelex Xobeh
Sif Muna


Innate Abilities, Weirdness & Mutations

You have a pair of antennae on your head.
You sometimes gain a little power by taking damage.


Message History

The orc hits you.
You are feeling hungry.
You hit the orc.
You kill the orc!
The orc wizard casts a spell.
The orc wizard blinks!
You hit the orc.
The orc is severely wounded.
The orc hits you with a short sword.
An orc priest comes into view. It is wielding a hand axe.
You hit the orc.
You kill the orc!
The orc priest invokes the aid of Beogh against you.
Beogh smites you!
* * * LOW HITPOINT WARNING * * *
You hear a shout!
You closely miss the orc.
The orc priest mumbles some strange prayers to Beogh against you.
Beogh smites you!
You die...

. .. .#.
o#.......# .. ...
).......# .# #..
#.......# .# # #.#
# ....... .#
#.##.##o# .....
##.# #...o...# ...
#... #@# #.# #...
#.#
######รท####.##
#.# #.............
#.# #.##..#.......
#.# #.##..#..##.##
#.###.##....###...
#..........## ####
##################
#........


You could see an orc priest and an orc.

Vanquished Creatures
  A howler monkey (D:2)
  3 adders
  A leopard gecko (D:2)
  2 orcs (D:3)
  2 giant cockroaches (D:2)
  7 goblins
  A hobgoblin (D:1)
  7 kobolds
  3 bats
  2 frilled lizards
  4 rats
33 creatures vanquished.

Notes
Turn   | Place    | Note
-------+----------+-------------------------------------------
     0 | D:1      | tof the Demonspawn Gladiator began the quest for the Orb.
     0 | D:1      | Reached XP level 1. HP: 16/16 MP: 1/1
   253 | D:1      | Gained mutation: You have a pair of small antennae on your head. [demonic ancestry]
   253 | D:1      | Reached XP level 2. HP: 20/22 MP: 2/2
   837 | D:2      | Noticed a howler monkey
   844 | D:2      | Killed a howler monkey
   844 | D:2      | Gained mutation: You have a pair of antennae on your head. [demonic ancestry]
   844 | D:2      | Reached XP level 3. HP: 24/28 MP: 3/3
   910 | D:2      | Found a deep blue altar of Sif Muna.
  1000 | D:2      | Gained mutation: You sometimes gain a little power by taking damage. [demonic ancestry]
  1000 | D:2      | Reached XP level 4. HP: 34/34 MP: 4/4
  1414 | D:2      | Found a shadowy altar of Dithmenos.
  1521 | D:2      | Found a sparkling altar of Nemelex Xobeh.
  1664 | D:3      | Killed from afar by an orc priest

Vault maps used:
D:1:      grunt_arrival_crossed_arrows
D:2:      nicolae_dithmenos_through_a_glass_darkly,
          nemelex_xobeh_ov_fountains_minmay, lemuel_round_altar, first_bread,
          serial_bayou_ford_a
D:3:      marbit_many_paths, grunt_temple_overflow_open

Skill      XL: |  1  2 |
---------------+-------+-----
Staves         | 3 |  3.6
Throwing       | 2 |  2.4
Dodging        | 3 |  3.1
Fighting       | |  2.7
Evocations     | |  0.1

Action                   |  1- 3 |  4- 6 || total
-------------------------+-------+-------++-------
Melee: Quarterstaff      |    89 |    27 ||   116
 Stab: Sleeping          |     2 |       ||     2
       Distracted        |     1 |       ||     1
  Eat: Chunk             |       |     2 ||     2
Armor: Leather armour    |    30 |     7 ||    37
Dodge: Dodged            |    61 |    22 ||    83

Table legend:
 A = Spawn XP
 B = Non-spawn XP
 C = Spawn XP percentage of total XP
 D = Spawn monster count
 E = Non-spawn monster count
 F = Spawn count percentage of total count
 G = Total turns spent on level
                    A         B        C        D         E        F      G
               +---------+---------+-------+---------+---------+-------+---------
         Total |       0 |     141 |   0.0 |       0 |      33 |   0.0 |  1664
               +---------+---------+-------+---------+---------+-------+---------
           D:1 |       0 |      21 |   0.0 |       0 |      15 |   0.0 |   724
           D:2 |       0 |     101 |   0.0 |       0 |      15 |   0.0 |   855
           D:3 |       0 |      19 |   0.0 |       0 |       3 |   0.0 |    85
               +---------+---------+-------+---------+---------+-------+---------
